Cogmind - Beta 15 @@@ ROGUE MODE // 2025.06.08 @ 20:12:13 Player: saltine Result: Escaped! Performance ------------- Evolutions (9) 4500 Regions Visited (23) 4600 Robots Destroyed (170) 850 Value Destroyed (5834) 5834 Prototype IDs (72) 1440 Alien Tech Used (5) 1000 Bonus (9468) 9468 TOTAL SCORE: 27692 Bonus ------- Triggered Max Security 1000 High Alert Combat Kills 793 Follower Combat Kills 675 Entered Garrisons 1200 Used RIF Installer 2500 Aligned with FarCom 300 Win 3000 Cogmind --------- Core Integrity 916/1600 Matter 78/300 Energy 39/100 System Corruption 4% Temperature Cool (0) Movement Core (400) Ox7 Location To Epsilon Eridani Parts ------- > --- POWER (1) -------- (None) > --- PROPULSION (4) --- (None) > --- UTILITY (18) ----- Experimental Signal Interpreter Relay Coupler [NC] (5) > --- WEAPON (2) ------- Firepult > --- INVENTORY (5) ---- Enhanced Nova Cannon Peak State ------------ > --- POWER ------------ Matter Drive > --- PROPULSION ------- Cooled Cesium-ion Thruster Field Propulsion Array Q-thruster > --- UTILITY ---------- Advanced Gravity Neutralizer Experimental Signal Interpreter Improved Light Armor Plating Hacking Suite Improved Hacking Suite System Shield Authchip [R/NC] Relay Coupler [NC] Relay Coupler [Swarmer] > --- WEAPON ----------- Advanced Remote Datajack Molecular Scythe > --- INVENTORY -------- Light Angular Momentum Engine Impulse Thruster Enhanced Nova Cannon Firepult [Rating: 100] Favorites ----------- Power Light Nuclear Core Engine Improved Ion Engine Power Core Light Nuclear Core Reactor Matter Drive Propulsion Improved Treads Treads Improved Treads Leg Aluminum Leg Flight Unit Cooled VTOL Module Utility Hacking Suite Device Improved Cooling System Storage High-capacity Storage Unit Processor Experimental Signal Interpreter Hackware Hacking Suite Protection Improved Medium Armor Plating Weapon Assault Rifle Energy Gun Improved EM Shotgun Energy Cannon Light EM Pulse Cannon Ballistic Gun Assault Rifle Ballistic Cannon Mini Assault Cannon Launcher Missile Launcher Special Weapon Remote Datajack Impact Weapon Heavy Flail Slashing Weapon Chainsword Special Melee Weapon Datajack Build | -11 -10 -10 -10 -9 -8 -8 -8 -8 -7 -7 -6 -6 -6 -6 -5 -5 -4 -4 -4 -3 -3 -2 -1 ------- Run | Yrd Mat Min Exi Min Mat Gar Mat Gar Fac Gar Fac Gar Fac Gar Fac Gar Fac Was Fac Res Qua Res Acc Slots Evolved 18 | . . . . . 4 . . . 2 . 2 . . . 2 . 2 . . 2 . 2 2 Power . | . . . . . . . . . . . . . . . . . . . . . . . . Propulsion 2 | . . . . . . . . . . . 1 . . . . . 1 . . . . . . Utility 16 | . . . . . 4 . . . 2 . 1 . . . 2 . 1 . . 2 . 2 2 Weapon . | . . . . . . . . . . . . . . . . . . . . . . . . Parts Attached 128 | 3 13 . . 1 29 6 5 2 17 1 7 3 9 3 5 . 3 4 7 2 3 1 4 Power 9 | . 1 . . . 3 . . . 1 . 1 1 . . . . . . . . 1 . 1 Engine 2 | . 1 . . . . . . . . . . . . . . . . . . . . . 1 Core 6 | . . . . . 3 . . . 1 . 1 1 . . . . . . . . . . . Reactor 1 | . . . . . . . . . . . . . . . . . . . . . 1 . . Propulsion 25 | 2 3 . . . 5 2 3 . 1 1 1 . 1 . . . 1 . 1 . 1 1 2 Treads 14 | 2 2 . . . 5 2 3 . . . . . . . . . . . . . . . . Leg . | . . . . . . . . . . . . . . . . . . . . . . . . Wheel . | . . . . . . . . . . . . . . . . . . . . . . . . Hover . | . . . . . . . . . . . . . . . . . . . . . . . . Flight 11 | . 1 . . . . . . . 1 1 1 . 1 . . . 1 . 1 . 1 1 2 Utility 59 | 1 4 . . 1 11 2 1 1 12 . 3 2 5 . 5 . 2 3 3 1 1 . 1 Device 16 | 1 1 . . . 2 . . 1 . . 2 1 3 . . . . 2 1 . 1 . 1 Storage 2 | . 2 . . . . . . . . . . . . . . . . . . . . . . Processor 3 | . . . . . . . . . 1 . . . 1 . . . . . . 1 . . . Hackware 23 | . . . . . 1 . . . 11 . 1 1 1 . 5 . 1 . 2 . . . . Protection 15 | . 1 . . 1 8 2 1 . . . . . . . . . 1 1 . . . . . Artifact . | . . . . . . . . . . . . . . . . . . . . . . . . Weapon 35 | . 5 . . . 10 2 1 1 3 . 2 . 3 3 . . . 1 3 1 . . . Energy Gun 4 | . 2 . . . 2 . . . . . . . . . . . . . . . . . . Energy Cannon 3 | . . . . . 1 . . . . . . . . 1 . . . 1 . . . . . Ballistic Gun 6 | . 2 . . . 3 . 1 . . . . . . . . . . . . . . . . Ballistic Cannon 4 | . . . . . 1 1 . 1 . . . . 1 . . . . . . . . . . Launcher 7 | . 1 . . . 3 1 . . . . . . 1 . . . . . 1 . . . . Special Weapon 3 | . . . . . . . . . . . . . . 1 . . . . 1 1 . . . Impact Weapon 1 | . . . . . . . . . 1 . . . . . . . . . . . . . . Slashing Weapon 4 | . . . . . . . . . 1 . . . 1 1 . . . . 1 . . . . Piercing Weapon . | . . . . . . . . . . . . . . . . . . . . . . . . Special Melee Weapon 3 | . . . . . . . . . 1 . 2 . . . . . . . . . . . . Unidentified Prototypes 20 | . 2 . . . 3 . . . . . . . 2 . . . . 2 2 1 6 . 2 Parts Lost 45 | . . . . . 4 2 1 1 . 1 1 4 1 . . 8 1 . 3 . 9 4 5 Power 4 | . . . . . . 1 . . . . . 1 . . . . . . . . 1 . 1 Propulsion 10 | . . . . . 1 1 . . . . . . . . . 1 . . 1 . 2 2 2 Utility 21 | . . . . . 2 . . 1 . . 1 1 1 . . 5 1 . 1 . 4 2 2 Weapon 10 | . . . . . 1 . 1 . . 1 . 2 . . . 2 . . 1 . 2 . . Highest Loss Streak 10 | . . . . . 2 2 1 1 . 1 1 4 1 . . 5 1 . 2 . 6 10 3 To Critical Strikes . | . . . . . . . . . . . . . . . . . . . . . . . . Average Backups 13 | 6 15 20 19 18 18 18 18 18 4 4 3 4 3 3 3 2 2 2 3 4 4 3 2 Power . | 1 1 1 1 1 1 . . . . 1 1 1 . 1 1 1 1 1 1 1 1 1 . Propulsion 4 | 4 6 8 8 8 7 4 5 5 1 1 . 1 . . . . . . . 1 1 . . Utility 3 | . 3 6 4 3 3 7 6 5 . 1 1 1 1 . 1 . . . . . . . . Weapon 4 | 1 4 5 6 6 6 6 6 5 1 1 1 1 1 1 1 1 1 1 2 2 2 2 1 Tool/Special . | . . . . . . . . . . . . . . . . . . . . . . . . Unused Backups 34 | 4 13 . . . 5 . 1 1 6 . . . . 3 . . . 1 . . . . . Power 4 | 1 2 . . . 1 . . . . . . . . . . . . . . . . . . Propulsion 12 | . 7 . . . 1 . . . 3 . . . . 1 . . . . . . . . . Utility 10 | 1 2 . . . 1 . 1 1 2 . . . . 2 . . . . . . . . . Weapon 7 | 2 2 . . . 2 . . . . . . . . . . . . 1 . . . . . Tool/Special 1 | . . . . . . . . . 1 . . . . . . . . . . . . . . Average Slot Usage (%) 90 | . 98 100 76 99 95 99 100 97 93 98 95 93 89 92 96 86 42 58 72 65 66 18 20 Engine 4 | . 14 14 14 14 1 . . . . . . . . . . . . . . . . . 1 Core 4 | . . . . . 7 8 9 9 6 7 6 6 6 6 5 5 4 5 5 4 3 . . Treads 14 | . 28 28 28 28 18 17 18 18 . . . . . . . . . . . . . . . Flight 5 | . . . . . . . . . 14 15 19 20 19 20 15 15 11 15 14 9 13 2 6 Device 6 | . 5 7 14 4 6 9 9 15 . . 4 5 4 5 . 2 . . 3 4 4 1 1 Storage 7 | . 14 14 14 14 9 9 9 9 . . . . . . . . . . . . . . . Hackware 18 | . . . . . 6 9 9 9 52 61 52 48 53 53 61 52 24 26 32 28 26 8 6 Protection 10 | . 7 6 . 9 28 27 27 18 . . . . . . . . 1 6 8 4 3 . . Energy Gun 2 | . 13 . . . 4 . . . . . . . . . . . . 4 2 . . . . Ballistic Gun 8 | . 14 28 5 28 10 6 10 3 . . . . . . . . . . . . . . . Ballistic Cannon 2 | . . . . . 2 8 7 4 1 . . . 3 . . . . . . . . . . Peak Build Rating 100 | 7 18 15 15 16 42 42 40 45 45 45 59 57 64 75 67 67 43 53 82 84 100 39 54 Average Rating 34 | 6 13 14 12 15 34 38 38 40 40 43 54 55 55 62 62 60 35 47 73 82 85 20 37 On Entrance 39 | 6 7 15 14 15 16 42 39 40 41 43 44 56 47 59 63 63 34 43 51 74 84 33 15 Naked Turns . | . . . . . . . . . . . . . . . . . . . . . . . . Heaviest Build 74 | 14 58 56 52 56 74 72 69 71 11 9 12 13 15 31 12 16 8 17 22 17 17 . 22 Greatest Support 55 | 40 46 46 46 46 55 46 43 43 10 10 15 15 16 16 16 16 17 17 42 21 29 13 14 Greatest Overweight (x) 7 | . 1 1 1 1 1 2 1 1 1 . . . . 1 . . . . . . . . 7 Average Overweight (x) . | . . 1 1 1 1 1 1 1 . . . . . . . . . . . . . . . Largest Inventory Capacity 20 | 8 20 20 20 20 20 20 20 20 20 5 5 5 5 5 5 5 5 5 5 5 5 5 5 Average Capacity 14 | 8 16 20 20 20 20 20 20 20 5 5 5 5 5 5 5 5 5 5 5 5 5 5 5 Most Carried 20 | 6 20 20 20 20 20 20 20 20 20 5 5 5 5 5 5 4 4 4 5 5 5 4 4 Average Carried 13 | 6 15 20 19 19 19 19 19 19 5 5 4 4 4 4 4 3 3 3 4 5 4 4 2 Final Capacity 20 | 8 20 20 20 20 20 20 20 20 5 5 5 5 5 5 5 5 5 5 5 5 5 5 5 Final Carried 20 | 6 20 20 20 19 20 19 20 20 5 5 5 4 5 4 4 3 4 4 5 5 5 4 1 Class Distribution -------------------- 66% | Mutant 16% | Wizard-Sprinter 6% | Hacker-Sprinter 5% | Hacker-Mutant 4% | Wizard-Mutant Dominant Class ---------------- Mutant | -10/Materials Mutant | -10/Mines Mutant | -10/Exiles Mutant | -9/Mines Mutant | -8/Materials Mutant | -8/Garrison Mutant | -8/Materials Mutant | -8/Garrison Hacker-Mutant | -7/Factory Wizard-Mutant | -7/Garrison Wizard-Sprinter | -6/Factory Wizard-Sprinter | -6/Garrison Wizard-Sprinter | -6/Factory Wizard-Sprinter | -6/Garrison Wizard-Sprinter | -5/Factory Wizard-Sprinter | -5/Garrison Hacker-Sprinter | -4/Factory Hacker-Sprinter | -4/Waste Hacker-Sprinter | -4/Factory Hacker-Mutant | -3/Research Hacker-Sprinter | -3/Quarantine Mutant | -2/Research Mutant | -1/Access Resources | -11 -10 -10 -10 -9 -8 -8 -8 -8 -7 -7 -6 -6 -6 -6 -5 -5 -4 -4 -4 -3 -3 -2 -1 ----------- Run | Yrd Mat Min Exi Min Mat Gar Mat Gar Fac Gar Fac Gar Fac Gar Fac Gar Fac Was Fac Res Qua Res Acc Matter Collected 4443 | 221 532 33 . 62 847 704 391 358 417 . 115 . 123 169 80 55 . 60 180 . . 12 84 Remotely . | . . . . . . . . . . . . . . . . . . . . . . . . Salvage Created 5284 | 15 959 33 . 13 1023 878 330 355 173 . 170 . 70 87 240 20 . . 209 . . . 709 Parts 318 | 3 71 5 . 1 60 63 22 26 5 . 10 . 4 7 18 . . . 12 . . . 11 Haulers Intercepted 9 | . 2 . . . 2 . 3 . . . 1 . . . . . . . . . . . 1 Recyclers Shooed 4 | . 1 . . . . . 1 . . . . . 1 . . . . . . . . . 1 Parts Field Recycled . | . . . . . . . . . . . . . . . . . . . . . . . . Retrieved Matter . | . . . . . . . . . . . . . . . . . . . . . . . . Parts Self-Destructed . | . . . . . . . . . . . . . . . . . . . . . . . . Prevented . | . . . . . . . . . . . . . . . . . . . . . . . . Kills | -11 -10 -10 -10 -9 -8 -8 -8 -8 -7 -7 -6 -6 -6 -6 -5 -5 -4 -4 -4 -3 -3 -2 -1 ------- Run | Yrd Mat Min Exi Min Mat Gar Mat Gar Fac Gar Fac Gar Fac Gar Fac Gar Fac Was Fac Res Qua Res Acc Combat Hostiles Destroyed 121 | . 23 . . 1 24 29 6 14 . . . . . 2 . 1 . . 11 . . . 10 Guns 33 | . 17 . . 1 10 2 3 . . . . . . . . . . . . . . . . Cannons 26 | . . . . . 3 13 3 5 . . . . . . . . . . . . . . 2 AOE 51 | . 6 . . . 9 13 . 8 . . . . . 2 . 1 . . 11 . . . 1 Classes Destroyed 18 | 1 8 1 . . 2 3 . 2 . . . . 1 . . . . . . . . . . Worker 3 | . . 1 . . 1 . . . . . . . . . 1 . . . . . . . . Builder 12 | . 1 . . . 2 . . . . . 3 . . . 3 . . . 1 . . . 2 Tunneler 5 | 1 . 2 . . . . . . . . . . 1 . . . . . 1 . . . . Hauler 9 | . 2 . . . 2 . 3 . . . 1 . . . . . . . . . . . 1 Recycler 5 | . 1 . . . 1 . 1 . 1 . . . . . 1 . . . . . . . . Mechanic 2 | . . . . . . . . . . . . . 1 . . . . . 1 . . . . Operator 3 | . 1 . . . 1 . . . 1 . . . . . . . . . . . . . . Watcher 10 | . 2 . . . 2 . . 2 3 . . . . . 1 . . . . . . . . Swarmer 43 | . 11 . . 1 8 7 2 4 . . . . . . . 1 . . 4 . . . 5 Cutter 2 | . . . . . . . . 2 . . . . . . . . . . . . . . . Grunt 30 | . 9 . . . 8 9 . . . . . . . . . . . . 4 . . . . Brawler 1 | . . . . . . 1 . . . . . . . . . . . . . . . . . Duelist 4 | . . . . . . 2 . 2 . . . . . . . . . . . . . . . Sentry 14 | . . . . . 5 4 4 . . . . . . . . . . . . . . . 1 Specialist 2 | . . . . . . . . 2 . . . . . . . . . . . . . . . Hunter 11 | . . . . . 3 3 . 1 . . . . . . . . . . 2 . . . 2 Programmer 11 | . . . . . . 3 . 3 . . . . . 2 . . . . 1 . . . 2 Subdweller 3 | . 3 . . . . . . . . . . . . . . . . . . . . . . Best Kill Streak 9 | 1 3 1 . 1 9 6 2 7 1 . 2 . 2 2 3 1 . . 8 . . . 7 Combat Bots Only 7 | . 3 . . 1 7 6 2 7 . . . . . 2 . 1 . . 6 . . . 5 Max Kills in Single Turn 5 | 1 2 1 . 1 4 4 2 3 1 . 1 . 1 2 1 1 . . 3 . . . 5 Gunslinging 1 | . . . . . . . 1 . . . . . . . . . . . . . . . . Exploded 4 | . 1 . . . 3 4 . 3 . . . . . 2 . 1 . . 3 . . . 1 Melee . | . . . . . . . . . . . . . . . . . . . . . . . . Uniques/NPCs Destroyed . | . . . . . . . . . . . . . . . . . . . . . . . . Combat | -11 -10 -10 -10 -9 -8 -8 -8 -8 -7 -7 -6 -6 -6 -6 -5 -5 -4 -4 -4 -3 -3 -2 -1 -------- Run | Yrd Mat Min Exi Min Mat Gar Mat Gar Fac Gar Fac Gar Fac Gar Fac Gar Fac Was Fac Res Qua Res Acc Hostile Shots Fired 919 | . 62 3 . 4 132 88 36 62 66 34 15 31 25 1 . 53 11 . 41 . 26 93 136 Missed 396 | . 22 . . 1 37 29 12 15 38 25 9 15 14 1 . 31 9 . 15 . 9 43 71 Hits 523 | . 40 3 . 3 95 59 24 47 28 9 6 16 11 . . 22 2 . 26 . 17 50 65 Melee 8 | . . . . . . 2 . 6 . . . . . . . . . . . . . . . Projectile 515 | . 40 3 . 3 95 57 24 41 28 9 6 16 11 . . 22 2 . 26 . 17 50 65 AOE 2 | . . . . . . . . 1 . . . . . . . . . . 1 . . . . Critical Strikes 21 | . 1 . . . 5 8 . 5 . . . . . . . 1 . . . . . . 1 Part Disruptions 2 | . . . . . . 2 . . . . . . . . . . . . . . . . . Damage Taken 9768 | . 503 45 . 27 1376 952 348 878 301 108 67 289 183 26 . 447 28 . 736 . 701 1423 1330 Core 3301 | . 106 . . . 78 67 35 104 173 17 18 105 65 1 . 185 15 . 138 . 229 1281 684 Absorbed by Shields 102 | . . . . . . 77 . . . . . . . . . 25 . . . . . . . Redirected to Shielding 26 | . . . . . . 14 7 5 . . . . . . . . . . . . . . . Ignored by Resistances 60 | . . . . . 60 . . . . . . . . . . . . . . . . . . Regen/Repaired (Parts) 823 | . . . . . 365 . 201 . 37 . 28 . 57 . 31 . 43 61 . . . . . Core Remaining (%) 64 | 100 . . . 57 . . . 48 . 72 . . . 77 . 81 . . 86 . 55 11 57 Volleys Fired 374 | 2 52 1 . 2 77 90 44 32 11 . . . 22 1 . 10 . . 18 . . . 12 Largest 2 | 2 2 2 . 2 2 2 2 2 1 . . . 1 1 . 1 . . 2 . . . 1 Hottest 250 | 60 90 40 . 40 90 76 65 80 40 . . . 44 250 . 5 . . 120 . . . 250 Shots Fired 577 | 4 100 3 . 4 133 122 88 46 11 . . . 22 1 . 10 . . 21 . . . 12 Gun 314 | 4 96 3 . 4 110 32 58 1 . . . . . . . . . . 6 . . . . Cannon 209 | . . . . . 16 80 30 35 11 . . . 22 1 . . . . 2 . . . 12 Launcher 44 | . 4 . . . 7 10 . 10 . . . . . . . . . . 13 . . . . Special 10 | . . . . . . . . . . . . . . . . 10 . . . . . . . Kinetic 346 | 2 27 3 . 4 83 85 88 21 11 . . . 22 . . . . . . . . . . Thermal 32 | 2 9 . . . . . . . . . . . . 1 . . . . 8 . . . 12 Explosive 44 | . 4 . . . 7 10 . 10 . . . . . . . . . . 13 . . . . Electromagnetic 145 | . 60 . . . 43 27 . 15 . . . . . . . . . . . . . . . Robot Hit Streak 16 | 2 16 4 . 1 12 7 7 11 2 . . . 3 4 . 3 . . 6 . . . 6 Robot Miss Streak 7 | 2 4 . . 2 7 2 2 1 4 . . . . 1 . 1 . . 2 . . . 4 Penetration Max . | . . . . . . . . . . . . . . . . . . . . . . . . Secondary Targets 4 | . 2 . . . 1 . 1 . . . . . . . . . . . . . . . . Max Gunslinging Chain 1 | . 1 . . . 1 . 1 . . . . . . . . . . . . . . . . Shots Hit Robots 359 | 2 64 3 . 1 92 63 60 21 10 . 6 . 4 1 11 5 . . 9 . . . 7 Core Hits 256 | 1 47 3 . 1 53 43 13 20 2 . 3 . 2 6 3 . . . 28 . . 1 30 Critical Kills 1 | . . . . . . . 1 . . . . . . . . . . . . . . . . Critical Parts Destroyed . | . . . . . . . . . . . . . . . . . . . . . . . . Critical Strikes 11 | . . . . . . 3 2 2 . . 2 . 1 . 1 . . . . . . . . Destroy 1 | . . . . . . . 1 . . . . . . . . . . . . . . . . Blast 6 | . . . . . . 2 1 2 . . . . 1 . . . . . . . . . . Corrupt 1 | . . . . . . 1 . . . . . . . . . . . . . . . . . Sever 3 | . . . . . . . . . . . 2 . . . 1 . . . . . . . . Melee Attacks 165 | . . . . . . . . . 47 7 47 14 2 4 18 21 . . . 1 4 . . Impact 38 | . . . . . . . . . 38 . . . . . . . . . . . . . . Slashing 121 | . . . . . . . . . 4 7 46 14 2 4 18 21 . . . 1 4 . . Piercing . | . . . . . . . . . . . . . . . . . . . . . . . . Sneak Attacks 15 | . . . . . . . . . 3 . 5 . 2 . 5 . . . . . . . . Combat Hostiles . | . . . . . . . . . . . . . . . . . . . . . . . . Follow-up Attacks . | . . . . . . . . . . . . . . . . . . . . . . . . Damage Inflicted 14718 | 22 1440 41 . 14 2564 2355 1334 1354 443 . 439 . 308 170 736 . . . 2238 . . 4 1256 Guns 3390 | 22 939 36 . 13 1263 416 661 . . . . . . . . . . . 40 . . . . Cannons 2856 | . . . . . 347 943 664 574 75 . . . 67 38 . . . . . . . . 148 Explosions 6628 | . 477 . . . 940 993 . 780 . . . . . 132 . . . . 2198 . . . 1108 Melee 1784 | . . . . . . . . . 368 . 439 . 241 . 736 . . . . . . . . Ramming 60 | . 24 5 . 1 14 3 9 . . . . . . . . . . . . . . 4 . Kinetic 4288 | 10 167 36 . 13 1077 1078 1325 440 75 . . . 67 . . . . . . . . . . Thermal 1885 | 12 333 . . . 74 . . . . . . . . 170 . . . . 40 . . . 1256 Explosive 5025 | . 188 . . . 866 993 . 780 . . . . . . . . . . 2198 . . . . Electromagnetic 1676 | . 728 . . . 533 281 . 134 . . . . . . . . . . . . . . . Impact 368 | . . . . . . . . . 368 . . . . . . . . . . . . . . Slashing 1416 | . . . . . . . . . . . 439 . 241 . 736 . . . . . . . . Piercing . | . . . . . . . . . . . . . . . . . . . . . . . . Highest Corruption 5 | . 1 1 1 1 . 4 4 5 . . . . 3 . . . . . 2 . . 2 4 Average Corruption 2 | . 1 1 1 1 . 3 4 4 . . . . 2 . . . . . 2 . . 2 3 Corruption Purged 3 | . . . . . . . . . . . . . 3 . . . . . . . . . . Corruption Blocked . | . . . . . . . . . . . . . . . . . . . . . . . . Effects 74 | . 8 10 7 5 . 2 21 14 . . . . 2 . . . . . . . . . 5 Message Errors 19 | . 3 1 2 3 . . 5 4 . . . . 1 . . . . . . . . . . Matter Fused 16 | . 3 2 1 . . . 7 2 . . . . . . . . . . . . . . 1 Heat Flow Errors 8 | . 1 2 1 . . . 2 1 . . . . . . . . . . . . . . 1 Energy Discharges 12 | . . 2 3 . . 1 3 1 . . . . . . . . . . . . . . 2 Parts Fused 2 | . . . . 1 . . . 1 . . . . . . . . . . . . . . . Data Loss (minor) 7 | . . 1 . . . . 1 4 . . . . 1 . . . . . . . . . . Data Loss (major) 6 | . . 1 . 1 . 1 3 . . . . . . . . . . . . . . . . Misfires 2 | . . 1 . . . . . 1 . . . . . . . . . . . . . . . Alerts 2 | . 1 . . . . . . . . . . . . . . . . . . . . . 1 Overload Shots . | . . . . . . . . . . . . . . . . . . . . . . . . Overflow Damage 908 | . 10 . . . 22 30 . 118 251 . 44 . 161 . 202 . . . 68 . . . 2 Projectiles 49 | . . . . . . . . 46 1 . . . . . . . . . . . . . 2 Explosions 202 | . 10 . . . 22 30 . 72 . . . . . . . . . . 68 . . . . Melee 657 | . . . . . . . . . 250 . 44 . 161 . 202 . . . . . . . . Knockbacks 9 | . . . . . . 5 . 2 1 . . . 1 . . . . . . . . . . Impact . | . . . . . . . . . . . . . . . . . . . . . . . . Kinetic 9 | . . . . . . 5 . 2 1 . . . 1 . . . . . . . . . . Secondary . | . . . . . . . . . . . . . . . . . . . . . . . . Self-Inflicted Damage 337 | . 66 . . . 12 85 . 171 . . . . . 1 . . . . . . . 2 . Shots 12 | . 2 . . . 1 3 . 5 . . . . . 1 . . . . . . . . . Rammed 18 | . 5 1 . 1 4 3 3 . . . . . . . . . . . . . . 1 . Targets Rammed 21 | . 6 3 . 1 4 3 3 . . . . . . . . . . . . . . 1 . Kicked . | . . . . . . . . . . . . . . . . . . . . . . . . Crushed 3 | . 1 2 . . . . . . . . . . . . . . . . . . . . . Highest Temperature 483 | . 255 182 100 . 483 5 201 216 . . . 1 2 212 . . . . 70 . 423 . 306 Average Temperature 98 | . 61 84 54 . 146 3 91 142 . . . 1 2 110 . . . . 22 . 222 . 94 Received Heat Transfer 1592 | . 135 27 . . 621 251 72 27 57 27 6 18 36 6 . 69 . . 66 . 66 18 90 Effects 9 | . . . . . 8 . . . . . . . . . . . . . . . 1 . . Energy Bleed 1 | . . . . . 1 . . . . . . . . . . . . . . . . . . Matter Decay 2 | . . . . . 2 . . . . . . . . . . . . . . . . . . Short Circuit 1 | . . . . . 1 . . . . . . . . . . . . . . . . . . Damage (minor) 1 | . . . . . . . . . . . . . . . . . . . . . 1 . . Damage (major) 4 | . . . . . 4 . . . . . . . . . . . . . . . . . . Siege Activations . | . . . . . . . . . . . . . . . . . . . . . . . . Martial Activations . | . . . . . . . . . . . . . . . . . . . . . . . . Shielding Activations . | . . . . . . . . . . . . . . . . . . . . . . . . Robots Disrupted . | . . . . . . . . . . . . . . . . . . . . . . . . Combat Hostiles . | . . . . . . . . . . . . . . . . . . . . . . . . Robots Corrupted 4 | . . . . . 2 1 . 1 . . . . . . . . . . . . . . . Combat Hostiles 4 | . . . . . 2 1 . 1 . . . . . . . . . . . . . . . Parts Fried 7 | . 1 . . . . 4 . . 2 . . . . . . . . . . . . . . Impact Corruptions 6 | . . . . . . . . . 6 . . . . . . . . . . . . . . Robots Melted 7 | . . . . . . . . . . . . . . . . . . . . . . . 7 Combat Hostiles 7 | . . . . . . . . . . . . . . . . . . . . . . . 7 Parts Melted 24 | . . . . . . . . . . . . . . 2 . . . . . . . . 22 Heat Transferred 8056 | 25 350 . . . 50 . . . . . . . . 720 . . . . 111 . . . 6800 Parts Sabotaged . | . . . . . . . . . . . . . . . . . . . . . . . . Parts Stolen . | . . . . . . . . . . . . . . . . . . . . . . . . Parts Stripped . | . . . . . . . . . . . . . . . . . . . . . . . . Power Chain Reactions 8 | . 4 . . . 2 . . . . . . . . . . . . . . . . . 2 Alert | -11 -10 -10 -10 -9 -8 -8 -8 -8 -7 -7 -6 -6 -6 -6 -5 -5 -4 -4 -4 -3 -3 -2 -1 ------- Run | Yrd Mat Min Exi Min Mat Gar Mat Gar Fac Gar Fac Gar Fac Gar Fac Gar Fac Was Fac Res Qua Res Acc Maximum Alert Level 5 | . 1 . . . . 3 2 2 1 . . . . 1 . . . . 2 1 5 4 4 Low Security (%) 73 | 100 88 100 . 100 100 14 91 7 65 100 100 100 100 21 100 100 100 100 60 . . . . Level 1 12 | . 11 . . . . 21 2 37 34 . . . . 78 . . . . 17 100 . . . Level 2 6 | . . . . . . 25 6 54 . . . . . . . . . . 22 . . . 7 Level 3 5 | . . . . . . 38 . . . . . . . . . . . . . . . 41 83 Level 4 . | . . . . . . . . . . . . . . . . . . . . . . 58 8 Level 5 . | . . . . . . . . . . . . . . . . . . . . . . . . High Security . | . . . . . . . . . . . . . . . . . . . . . . . . Max Security . | . . . . . . . . . . . . . . . . . . . . . 99 . . Peak Influence 1645 | 5 227 81 . 22 189 999 486 543 296 7 45 86 198 301 157 81 31 . 644 326 1645 1183 1156 Initial 1100 | . . 81 . . . 59 486 16 284 . . 8 39 94 152 32 31 . . 308 150 1100 709 Average 185 | . 107 8 . 1 84 581 75 383 168 4 5 34 54 232 97 53 4 . 212 299 1611 1103 856 Influence Increases 7316 | 5 704 71 . 66 751 960 217 537 604 7 156 108 305 277 74 189 20 . 1360 30 75 173 627 Destroy 0b10 Robot/C 2920 | . 400 40 . 60 480 580 120 280 20 . . . . 200 20 40 . . 480 . . . 200 Destroy 0b10 Robot/NC 260 | 5 35 15 . . 45 . 20 10 25 . 20 . 10 . 30 . . . 30 . . . 15 Destroy Leader 526 | . 88 10 . . 128 20 56 20 16 . 2 . . 20 12 10 . . 102 . . . 42 Allied During Kill 229 | . . 6 . 6 . . . . . . . . . 30 . 3 . . 184 . . . . Trap Triggered on 0b10 20 | . . . . . . . . . . . 20 . . . . . . . . . . . . Successful Hack 376 | . 30 . . . 20 12 14 . 85 . 2 . 24 . . 12 20 . 95 28 . 8 26 Select Force Hacks 80 | . 30 . . . . . . . . . . . . . . . . . . . . . 50 Disable Machine 375 | . 15 . . . 30 90 . 15 30 . . . . . . . . . 135 . 45 . 15 Anti-Garrison Action 200 | . . . . . . 100 . 50 . . . 50 . . . . . . . . . . . Destroy Structure 830 | . 31 . . . 33 128 7 72 38 7 37 28 16 12 12 49 . . 304 2 . . 54 Partial Spotted 210 | . . . . . 15 . . . 90 . . . 45 . . 45 . . 15 . . . . Lose Combat Pursuer 1290 | . 75 . . . . 30 . 90 300 . 75 30 210 15 . 30 . . 15 . 30 165 225 Influence Decreases 7839 | 5 496 279 . 66 660 52 1191 19 1146 8 144 44 246 121 319 174 81 . 772 350 208 784 674 Entered New Map 2772 | . . 127 . . . 32 513 9 259 1 . 4 37 41 139 14 30 . . 280 118 694 474 Time Decay 3067 | 5 496 137 . 66 479 . 368 . 516 . 114 . 199 . 180 . 51 . 186 70 . 50 150 Lost Part 407 | . . . . . 20 20 10 10 . 7 10 40 . . . 80 . . 30 . 90 40 50 Lost Ally 555 | . . 15 . . . . . . 90 . 20 . 10 80 . 80 . . 260 . . . . Purge Threat 1038 | . . . . . 161 . 300 . 281 . . . . . . . . . 296 . . . . Squads Dispatched 49 | . 2 . . . 2 . 1 . 18 . 6 . 2 . . . 3 . 5 . 6 1 3 Investigation 15 | . 1 . . . 1 . . . 5 . 1 . 1 . . . 2 . 2 . . . 2 Extermination 12 | . . . . . . . . . 4 . 3 . 1 . . . 1 . 1 . . 1 1 Reinforcement 9 | . 1 . . . 1 . 1 . 2 . 2 . . . . . . . 2 . . . . Assault 6 | . . . . . . . . . . . . . . . . . . . . . 6 . . Garrison 7 | . . . . . . . . . 7 . . . . . . . . . . . . . . Intercept . | . . . . . . . . . . . . . . . . . . . . . . . . Searches Triggered . | . . . . . . . . . . . . . . . . . . . . . . . . Construction Impeded . | . . . . . . . . . . . . . . . . . . . . . . . . Haulers Reinforced . | . . . . . . . . . . . . . . . . . . . . . . . . Active Scanning Responses . | . . . . . . . . . . . . . . . . . . . . . . . . Cargo Convoy Interrupts 1 | . . . . . . . . . . . 1 . . . . . . . . . . . . Stealth | -11 -10 -10 -10 -9 -8 -8 -8 -8 -7 -7 -6 -6 -6 -6 -5 -5 -4 -4 -4 -3 -3 -2 -1 --------- Run | Yrd Mat Min Exi Min Mat Gar Mat Gar Fac Gar Fac Gar Fac Gar Fac Gar Fac Was Fac Res Qua Res Acc Distress Signals 27 | . 4 . . . 6 . 2 3 5 . 1 . 1 . . . 1 . 4 . . . . Communications Jammed 43 | . . . . . . . . . . . . . . . . . . . . . 20 . 23 Distress Signals 43 | . . . . . . . . . . . . . . . . . . . . . 20 . 23 Times Spotted 367 | . 40 2 . 2 36 26 19 19 32 8 17 8 27 5 2 18 11 . 20 . 28 16 31 Peak Tracking Total 23 | . 5 1 . 1 7 5 4 7 10 8 6 10 10 3 1 10 12 . 6 . 23 11 15 Tactical Retreats 43 | . 5 . . . . 1 . 4 10 . 3 1 6 1 . 2 . . 1 . 1 3 5 Traps | -11 -10 -10 -10 -9 -8 -8 -8 -8 -7 -7 -6 -6 -6 -6 -5 -5 -4 -4 -4 -3 -3 -2 -1 ------- Run | Yrd Mat Min Exi Min Mat Gar Mat Gar Fac Gar Fac Gar Fac Gar Fac Gar Fac Was Fac Res Qua Res Acc Traps Triggered 43 | . 1 . . . . 11 . 3 1 . . 2 3 5 . 10 1 . 1 . 2 3 . Indirectly . | . . . . . . . . . . . . . . . . . . . . . . . . Trap Hack Attempts 9 | . . . . . . . . . . . 9 . . . . . . . . . . . . Triggered . | . . . . . . . . . . . . . . . . . . . . . . . . Disarmed . | . . . . . . . . . . . . . . . . . . . . . . . . Reprogrammed 7 | . . . . . . . . . . . 7 . . . . . . . . . . . . Reused 2 | . . . . . . . . . . . 2 . . . . . . . . . . . . Traps Extracted . | . . . . . . . . . . . . . . . . . . . . . . . . Installed . | . . . . . . . . . . . . . . . . . . . . . . . . Triggered 2 | . . . . . . . . . . . 2 . . . . . . . . . . . . Machines | -11 -10 -10 -10 -9 -8 -8 -8 -8 -7 -7 -6 -6 -6 -6 -5 -5 -4 -4 -4 -3 -3 -2 -1 ---------- Run | Yrd Mat Min Exi Min Mat Gar Mat Gar Fac Gar Fac Gar Fac Gar Fac Gar Fac Was Fac Res Qua Res Acc Machines Disabled 30 | . 1 . . . 2 8 . 2 2 . . 1 . 1 . . . . 9 . 3 . 1 Max in Single Turn 4 | . 1 . . . 1 1 . 1 1 . . 1 . 1 . . . . 4 . 1 . 1 Garrison Access 5 | . . . . . . . . . 1 . 1 . 1 . 1 . 1 . . . . . . Garrison Relay 2 | . . . . . . . . 1 . . . 1 . . . . . . . . . . . Energy Cycler 1 | . . . . . . . . . . . . . . . . . . . . . . . 1 Machines Repaired . | . . . . . . . . . . . . . . . . . . . . . . . . Machines Dismantled . | . . . . . . . . . . . . . . . . . . . . . . . . Machines Sabotaged . | . . . . . . . . . . . . . . . . . . . . . . . . Overloaded Fab Kills 7 | . . . . . . . . . . . . . . . . . . . . . . . 7 Hacking | -11 -10 -10 -10 -9 -8 -8 -8 -8 -7 -7 -6 -6 -6 -6 -5 -5 -4 -4 -4 -3 -3 -2 -1 --------- Run | Yrd Mat Min Exi Min Mat Gar Mat Gar Fac Gar Fac Gar Fac Gar Fac Gar Fac Was Fac Res Qua Res Acc Machines Accessed 123 | . 9 . 1 . 10 1 8 . 29 . 22 1 12 1 7 1 5 . 9 3 . 1 3 Terminals 71 | . 7 . . . 5 1 6 . 15 . 14 1 5 1 3 1 1 . 5 3 . 1 2 Fabricators 18 | . . . . . . . . . 5 . 3 . 3 . 1 . 2 . 3 . . . 1 Repair Stations 8 | . . . . . 2 . 1 . 1 . 1 . 1 . 1 . 1 . . . . . . Recycling Units 12 | . 2 . . . 2 . . . 4 . 2 . 1 . . . . . 1 . . . . Scanalyzers . | . . . . . . . . . . . . . . . . . . . . . . . . Garrison Access 13 | . . . . . 1 . 1 . 4 . 2 . 2 . 2 . 1 . . . . . . Total Hacks 397 | . 32 . 1 . 34 2 25 . 92 . 69 2 40 3 17 2 10 . 42 14 . 4 8 Successful 290 | . 13 . 1 . 23 1 12 . 69 . 63 2 34 3 16 1 9 . 32 5 . 2 4 Failed 104 | . 18 . . . 11 1 13 . 23 . 5 . 6 . 1 1 1 . 9 9 . 2 4 Catastrophic 10 | . 2 . . . 1 . 2 . 2 . . . . . . 1 . . . 1 . . 1 Database Lockouts 3 | . 1 . . . . . . . . . 1 . . . . . . . 1 . . . . Manual 191 | . 22 . 1 . 14 1 17 . 43 . 28 1 20 2 5 2 1 . 20 8 . 2 4 Terminals 270 | . 27 . . . 21 2 21 . 55 . 55 2 20 3 8 2 2 . 29 14 . 4 5 Fabricators 53 | . . . . . . . . . 16 . 6 . 9 . 3 . 5 . 11 . . . 3 Repair Stations 21 | . . . . . 7 . 2 . 2 . 2 . 4 . 2 . 2 . . . . . . Recycling Units 26 | . 5 . . . 5 . . . 9 . 3 . 2 . . . . . 2 . . . . Scanalyzers . | . . . . . . . . . . . . . . . . . . . . . . . . Garrison Access 26 | . . . . . 1 . 2 . 10 . 3 . 5 . 4 . 1 . . . . . . Terminal Hacks 131 | . 2 . 1 . 7 1 5 . 28 . 37 2 11 3 6 1 1 . 19 5 . 2 . Record 4 | . . . . . . . . . . . 3 . 1 . . . . . . . . . . Part Schematic 5 | . . . . . . . . . 3 . . . 1 . . . . . 1 . . . . Robot Schematic 2 | . . . . . . . . . . . 1 . 1 . . . . . . . . . . Robot Analysis 5 | . 1 . . . 1 . 1 . 2 . . . . . . . . . . . . . . Prototype ID Bank 15 | . . . . . . . . . 6 . 7 . 1 . . . . . 1 . . . . Open DSF 1 | . . . . . . . . . . . 1 . . . . . . . . . . . . Level Access Points 2 | . . . . . . . . . 1 . . . . . . . . . . . . 1 . Branch Access Points 4 | . . . . . . . . . 1 . 1 . . . . . . . 1 1 . . . Emergency Access Points 4 | . . . . . . 1 . . 1 . 2 . . . . . . . . . . . . Machine Index 4 | . . . . . . . . . 1 . 1 . 1 . 1 . . . . . . . . Terminal Index 1 | . . . . . . . . . . . . . . . 1 . . . . . . . . Fabricator Index 2 | . . . . . . . . . . . . . . . . . . . 1 1 . . . Garrison Index 1 | . . . . . . . . . . . . . . . . . . . 1 . . . . Unreport Threat 8 | . . . . . 2 . 2 . 2 . . . . . . . . . 2 . . . . Locate Traps 8 | . . . . . . . . . . . 4 . . . . . . . 3 1 . . . Reprogram Traps 1 | . . . . . . . . . . . 1 . . . . . . . . . . . . Dispatch Records 4 | . . . . . . . . . 1 . 2 . . . . . . . 1 . . . . Maintenance Status 2 | . . . . . . . . . . . 2 . . . . . . . . . . . . Security Status 1 | . . . . . . . . . . . . . . . . . . . 1 . . . . Patrol Status 2 | . . . . . . . . . 1 . . . . . 1 . . . . . . . . Transport Status 1 | . . . . . . . . . . . 1 . . . . . . . . . . . . Recall Investigation 2 | . . . . . . . . . . . 1 . . . . . 1 . . . . . . Recall Extermination 4 | . . . . . . . . . 3 . 1 . . . . . . . . . . . . Hauler Manifests 9 | . 1 . . . 1 . 1 . 1 . 1 . 1 . 1 . . . 1 1 . . . Registered Components 6 | . . . . . . . . . 1 . 1 . 1 . 1 . . . 1 1 . . . Registered Prototypes 4 | . . . . . . . . . 1 . 1 . 1 . . . . . 1 . . . . Zone Layout 22 | . . . . . 3 . 1 . 3 . 6 . 3 . 1 . . . 4 . . 1 . Garrison Registry 3 | . . . . . . . . . . . . 1 . 1 . 1 . . . . . . . Patrol Navigation 1 | . . . . . . . . . . . . . . 1 . . . . . . . . . Security Stations 2 | . . . . . . . . . . . . 1 . 1 . . . . . . . . . Proto ID Catalog 1 | . . . 1 . . . . . . . . . . . . . . . . . . . . Fabricator Hacks 28 | . . . . . . . . . 9 . 4 . 4 . 2 . 4 . 4 . . . 1 Network Status 6 | . . . . . . . . . 1 . 2 . 1 . . . 1 . . . . . 1 Load Schematic 14 | . . . . . . . . . 5 . 1 . 2 . 1 . 2 . 3 . . . . Build 8 | . . . . . . . . . 3 . 1 . 1 . 1 . 1 . 1 . . . . Repair Station Hacks 20 | . . . . . 6 . 2 . 2 . 2 . 4 . 2 . 2 . . . . . . Scan Component 10 | . . . . . 3 . 1 . 1 . 1 . 2 . 1 . 1 . . . . . . Repair 10 | . . . . . 3 . 1 . 1 . 1 . 2 . 1 . 1 . . . . . . Recycling Unit Hacks 11 | . 2 . . . 2 . . . 3 . 2 . 1 . . . . . 1 . . . . Retrieve Components 11 | . 2 . . . 2 . . . 3 . 2 . 1 . . . . . 1 . . . . Scanalyzer . | . . . . . . . . . . . . . . . . . . . . . . . . Garrison Access Hacks 21 | . . . . . 1 . 2 . 6 . 3 . 4 . 4 . 1 . . . . . . Unlock Access 6 | . . . . . 1 . 1 . 1 . 1 . 1 . 1 . . . . . . . . Seal Access 5 | . . . . . . . . . 1 . 1 . 1 . 1 . 1 . . . . . . Coupler Status 10 | . . . . . . . 1 . 4 . 1 . 2 . 2 . . . . . . . . Unauthorized Hacks 79 | . 9 . . . 7 . 3 . 21 . 15 . 10 . 2 . 1 . 8 . . . 3 Terminals 51 | . 8 . . . 7 . 3 . 10 . 12 . 3 . 1 . 1 . 4 . . . 2 Track 2 | . . . . . . . . . . . 2 . . . . . . . . . . . . Assimilate 8 | . 1 . . . . . . . . . 2 . 2 . 1 . 1 . 1 . . . . Botnet 11 | . 1 . . . 1 . 1 . 2 . 2 . 1 . . . . . 2 . . . 1 Disrupt 5 | . . . . . 1 . 2 . 2 . . . . . . . . . . . . . . Operators 6 | . 1 . . . 1 . . . 1 . 1 . . . . . . . 1 . . . 1 Skim 19 | . 5 . . . 4 . . . 5 . 5 . . . . . . . . . . . . Fabricators 20 | . . . . . . . . . 7 . 2 . 5 . 1 . . . 4 . . . 1 Report 1 | . . . . . . . . . 1 . . . . . . . . . . . . . . Prioritize 7 | . . . . . . . . . 3 . 1 . 1 . 1 . . . 1 . . . . Liberate 1 | . . . . . . . . . . . . . 1 . . . . . . . . . . Haulers 5 | . . . . . . . . . 1 . 1 . 2 . . . . . 1 . . . . Overload 1 | . . . . . . . . . . . . . . . . . . . . . . . 1 Recompile 5 | . . . . . . . . . 2 . . . 1 . . . . . 2 . . . . Repair Stations . | . . . . . . . . . . . . . . . . . . . . . . . . Recycling Units 4 | . 1 . . . . . . . 1 . 1 . 1 . . . . . . . . . . Recyclers 3 | . . . . . . . . . 1 . 1 . 1 . . . . . . . . . . Tunnel 1 | . 1 . . . . . . . . . . . . . . . . . . . . . . Scanalyzers . | . . . . . . . . . . . . . . . . . . . . . . . . Garrison Access 4 | . . . . . . . . . 3 . . . 1 . . . . . . . . . . Reprogram 4 | . . . . . . . . . 3 . . . 1 . . . . . . . . . . Data Cores Recovered . | . . . . . . . . . . . . . . . . . . . . . . . . Used . | . . . . . . . . . . . . . . . . . . . . . . . . Hacking Detections 89 | . 8 . . . 10 1 7 . 22 . 13 1 7 1 4 1 3 . 4 3 . 1 3 Full Trace Events 7 | . . . . . 1 . 1 . 1 . 1 . . . . . 2 . . . . . 1 Feedback Events 1 | . . . . . . . . . . . . . . . . . 1 . . . . . . Hackware Fried 1 | . . . . . . . . . . . . . . . . . 1 . . . . . . Feedback Blocked . | . . . . . . . . . . . . . . . . . . . . . . . . Robot Schematics Acquired 2 | . . . . . . . . . . . 1 . 1 . . . . . . . . . . Robots Built 2 | . . . . . . . . . . . . . 1 . 1 . . . . . . . . Authchips 2 | . . . . . . . . . . . . . 1 . 1 . . . . . . . . Time 155 | . . . . . . . . . . . . . 93 . 62 . . . . . . . . Total Robot Build Rating 14 | . . . . . . . . . . . . . 7 . 7 . . . . . . . . Part Schematics Acquired 5 | . . . . . . . . . 3 . . . 1 . . . . . 1 . . . . Parts Built 6 | . . . . . . . . . 4 . 1 . . . . . 1 . . . . . . Authchips 3 | . . . . . . . . . 2 . . . . . . . . . 1 . . . . Time 319 | . . . . . . . . . 127 . 33 . . . . . 53 . 106 . . . . Total Part Build Rating 29 | . . . . . . . . . 19 . 4 . . . . . 6 . . . . . . Parts Repaired 10 | . . . . . 3 . 1 . 1 . 1 . 2 . 1 . 1 . . . . . . Time 394 | . . . . . 102 . 44 . 38 . 51 . 33 . 70 . 56 . . . . . . Parts Recycled . | . . . . . . . . . . . . . . . . . . . . . . . . Recycled Matter . | . . . . . . . . . . . . . . . . . . . . . . . . Retrieved Matter . | . . . . . . . . . . . . . . . . . . . . . . . . Retrieved Components 29 | . 10 . . . 9 . . . 4 . 3 . 1 . . . . . 2 . . . . Parts Scanalyzed . | . . . . . . . . . . . . . . . . . . . . . . . . Part Schematics Acquired . | . . . . . . . . . . . . . . . . . . . . . . . . Parts Damaged . | . . . . . . . . . . . . . . . . . . . . . . . . Bothacking | -11 -10 -10 -10 -9 -8 -8 -8 -8 -7 -7 -6 -6 -6 -6 -5 -5 -4 -4 -4 -3 -3 -2 -1 ------------ Run | Yrd Mat Min Exi Min Mat Gar Mat Gar Fac Gar Fac Gar Fac Gar Fac Gar Fac Was Fac Res Qua Res Acc Used RIF Installer 5 | . . . . . . 2 . 1 . . . 1 . 1 . . . . . . . . . Hotswap 1 | . . . . . . . . 1 . . . . . . . . . . . . . . . Signal Jammer 1 | . . . . . . 1 . . . . . . . . . . . . . . . . . Autooverride 2 | . . . . . . . . . . . . 1 . 1 . . . . . . . . . Robots Hacked 6 | . . . . . . . . . 2 . . . . . . 4 . . . . . . . Non-combat 2 | . . . . . . . . . 2 . . . . . . . . . . . . . . Combat 4 | . . . . . . . . . . . . . . . . 4 . . . . . . . Autooverrided 1 | . . . . . . . . . . . . . . . . 1 . . . . . . . Robot Hacks Applied 6 | . . . . . . . . . 3 . . . . . . 3 . . . . . . . parse_system 1 | . . . . . . . . . 1 . . . . . . . . . . . . . . find_chute 1 | . . . . . . . . . 1 . . . . . . . . . . . . . . check_alert 1 | . . . . . . . . . 1 . . . . . . . . . . . . . . amplify_resonance 2 | . . . . . . . . . . . . . . . . 2 . . . . . . . formatsys_deep 1 | . . . . . . . . . . . . . . . . 1 . . . . . . . Relay Couplers Released 13 | . . . . . . . . 5 . . . 4 . . 4 . . . . . . . . Machine Destruction 13 | . . . . . . . . 5 . . . 4 . . 4 . . . . . . . . Attached 6 | . . . . . . . . . 2 . . 1 . . 3 . . . . . . . . Fabnet Peak Effective % . | . . . . . . . . . . . . . . . . . . . . . . . . Robots Rewired 2 | . . . . . . . . . 1 . . . . . 1 . . . . . . . . Allies Hacked 2 | . . . . . . . . . . . . . . 2 . . . . . . . . . Hacks Repelled 1 | . . . . . . . . . . . . . . 1 . . . . . . . . . Allies | -11 -10 -10 -10 -9 -8 -8 -8 -8 -7 -7 -6 -6 -6 -6 -5 -5 -4 -4 -4 -3 -3 -2 -1 -------- Run | Yrd Mat Min Exi Min Mat Gar Mat Gar Fac Gar Fac Gar Fac Gar Fac Gar Fac Was Fac Res Qua Res Acc Total Allies 45 | . . 3 . 1 . . . . 5 . 2 . 5 1 3 4 . 20 1 . . . . Largest Group 21 | . . 3 2 3 2 . . . 4 . 2 . 4 4 3 4 . 20 21 . . . . Highest-Rated Group 771 | . . 40 24 55 24 . . . 88 . 36 . 193 193 144 216 . 745 771 . . . . Highest-Rated Ally 95 | . . 16 16 31 16 . . . 40 . 26 . 93 95 93 93 . 50 50 . . . . Total Orders 20 | . . . . . . . . . . . 2 . . 15 . 3 . . . . . . . STAY 12 | . . . . . . . . . . . 1 . . 8 . 3 . . . . . . . FOLLOW 7 | . . . . . . . . . . . 1 . . 6 . . . . . . . . . PICKUP 1 | . . . . . . . . . . . . . . 1 . . . . . . . . . Ally Attacks 189 | . . 16 . 6 2 . . . 21 . . . . 20 3 12 . . 109 . . . . Total Damage 4758 | . . 151 . 57 18 . . . 188 . . . . 818 129 219 . . 3178 . . . . Kills 32 | . . 2 . 2 . . . . 1 . . . . 8 1 1 . . 17 . . . . Allies Corrupted 1 | . . . . . . . . . . . . . . . 1 . . . . . . . . Allies Melted . | . . . . . . . . . . . . . . . . . . . . . . . . Intel | -11 -10 -10 -10 -9 -8 -8 -8 -8 -7 -7 -6 -6 -6 -6 -5 -5 -4 -4 -4 -3 -3 -2 -1 ------- Run | Yrd Mat Min Exi Min Mat Gar Mat Gar Fac Gar Fac Gar Fac Gar Fac Gar Fac Was Fac Res Qua Res Acc Active Infowar (turns) 4940 | 21 784 653 1502 300 . . . . 496 . 625 137 422 . . . . . . . . . . Optics 496 | . . . . . . . . . 496 . . . . . . . . . . . . . . Traps 519 | . . . . . . . . . . . 519 . . . . . . . . . . . . Seismic 3260 | 21 784 653 1502 300 . . . . . . . . . . . . . . . . . . . Cloaking 243 | . . . . . . . . . . . 106 137 . . . . . . . . . . . ECM 422 | . . . . . . . . . . . . . 422 . . . . . . . . . . Robot Analysis Total 5 | . 1 . . . 1 . 1 . 2 . . . . . . . . . . . . . . Derelict Logs Recovered 3 | . . 1 . 2 . . . . . . . . . . . . . . . . . . . Drone Launches . | . . . . . . . . . . . . . . . . . . . . . . . . Drone Recoveries . | . . . . . . . . . . . . . . . . . . . . . . . . Exploration | -11 -10 -10 -10 -9 -8 -8 -8 -8 -7 -7 -6 -6 -6 -6 -5 -5 -4 -4 -4 -3 -3 -2 -1 ------------- Run | Yrd Mat Min Exi Min Mat Gar Mat Gar Fac Gar Fac Gar Fac Gar Fac Gar Fac Was Fac Res Qua Res Acc Turns Passed 18157 | 109 2190 1184 1502 1006 2216 1797 1147 698 1457 61 809 164 731 609 371 359 360 241 429 156 149 109 303 Spaces Moved 17427 | 81 1004 489 624 416 775 642 415 237 2926 118 1934 317 1576 923 507 770 785 338 1102 330 356 239 523 Core 294 | . . . . . . . . . . . . . . . . . . . . . . 159 135 Treads 4607 | 5 1004 489 624 416 775 642 415 237 . . . . . . . . . . . . . . . Legs 76 | 76 . . . . . . . . . . . . . . . . . . . . . . . Wheels . | . . . . . . . . . . . . . . . . . . . . . . . . Hover . | . . . . . . . . . . . . . . . . . . . . . . . . Flight 12450 | . . . . . . . . . 2926 118 1934 317 1576 923 507 770 785 338 1102 330 356 80 388 Fastest Speed 29 | 120 160 240 240 240 232 240 240 245 37 34 30 30 29 29 29 29 30 30 30 34 32 34 32 Average Speed 84 | 122 190 240 240 240 237 240 241 245 37 35 30 30 29 29 29 29 31 30 30 34 32 44 37 Slowest Speed 400 | 160 240 240 240 240 240 320 245 245 107 37 32 30 30 99 29 32 32 30 34 34 35 50 400 Overloaded Moves . | . . . . . . . . . . . . . . . . . . . . . . . . Propulsion Burnouts . | . . . . . . . . . . . . . . . . . . . . . . . . Robots Hopped 90 | . . . . . . . . . 12 1 9 . 20 . 3 4 9 . 11 2 10 1 8 Potential Cave-ins . | . . . . . . . . . . . . . . . . . . . . . . . . Cave-ins Triggered . | . . . . . . . . . . . . . . . . . . . . . . . . Teleports 4 | . . . . . . . . . . . . . . . . . . . . . 4 . . Exploration Rate (%) 48 | 4 99 96 90 96 71 75 44 41 74 29 42 32 40 40 14 50 17 95 26 8 56 12 20 Regions Visited 23 Branch Regions 4 Pre-discovered Areas 5 | . 2 . . 1 . . . . 1 . 1 . . . . . . . . . . . . Known Exits Taken 9 | . . . . . 1 . 1 . 1 . 1 . 1 . 1 . . . . 1 1 1 . Unknown Exits Taken 6 | 1 1 1 1 1 . . . . . . . . . . . . . . 1 . . . . Scrap Searched 2 | . . 1 . 1 . . . . . . . . . . . . . . . . . . . Spaces Dug 198 | . 4 . . . 17 4 . 45 36 7 37 8 16 1 6 12 . . 2 1 . . 2 Terrain Destroyed 425 | . 25 . . . 33 53 6 82 37 7 37 8 17 1 6 12 . . 84 1 . . 16 Melee 105 | . . . . . . . . . 33 7 37 8 . 1 6 12 . . . 1 . . . Projectile 36 | . . . . . 1 1 6 2 4 . . . 17 . . . . . 2 . . . 3 AOE 284 | . 25 . . . 32 52 . 80 . . . . . . . . . . 82 . . . 13 Terrain Rammed . | . . . . . . . . . . . . . . . . . . . . . . . . Walls Destroyed . | . . . . . . . . . . . . . . . . . . . . . . . . Machines Disabled . | . . . . . . . . . . . . . . . . . . . . . . . . Actions | -11 -10 -10 -10 -9 -8 -8 -8 -8 -7 -7 -6 -6 -6 -6 -5 -5 -4 -4 -4 -3 -3 -2 -1 --------- Run | Yrd Mat Min Exi Min Mat Gar Mat Gar Fac Gar Fac Gar Fac Gar Fac Gar Fac Was Fac Res Qua Res Acc Total 19899 | 85 1180 495 631 420 1038 778 482 306 3217 124 2065 362 1797 1257 694 852 886 476 1166 369 369 239 611 Wait 1555 | . 53 . . . 98 8 7 5 192 . 70 27 195 308 163 45 105 131 38 38 . . 72 Move 17239 | 80 1003 488 623 415 775 641 415 236 2902 115 1917 316 1537 922 500 763 767 337 1079 325 340 237 506 Hop 79 | . . . . . . . . . 11 1 8 . 18 . 3 2 9 . 11 2 5 1 8 Pick Up 81 | . 26 1 1 . 17 1 4 6 5 . 3 . 5 8 . . 1 . 1 . 2 . . Fast Attach 93 | 1 2 . . . 18 3 1 3 13 . 3 1 9 . 5 . 4 4 9 1 13 . 3 Attach 46 | . 2 . 2 1 7 2 1 1 8 . 2 1 1 6 1 1 . . 2 . 1 1 6 Detach 26 | . 3 . 2 . 3 . . . 3 . . . 2 1 3 . . 1 3 . 1 . 4 Swap 64 | 2 14 1 1 . 13 10 4 12 . 1 3 2 . . . . . . . 1 . . . Drop 113 | . 19 1 2 1 26 2 3 7 24 . 3 . 6 7 . . . 3 5 1 3 . . Fire 374 | 2 52 1 . 2 77 90 44 32 11 . . . 22 1 . 10 . . 18 . . . 12 Melee 165 | . . . . . . . . . 47 7 47 14 2 4 18 21 . . . 1 4 . . Ram . | . . . . . . . . . . . . . . . . . . . . . . . . Kick . | . . . . . . . . . . . . . . . . . . . . . . . . Crush 20 | . 6 3 . 1 4 3 3 . . . . . . . . . . . . . . . . Escape Stasis 33 | . . . . . . 18 . 4 . . . 1 . . . 10 . . . . . . . Rewire 2 | . . . . . . . . . 1 . . . . . 1 . . . . . . . . Trap 9 | . . . . . . . . . . . 9 . . . . . . . . . . . . Miscellaneous . | . . . . . . . . . . . . . . . . . . . . . . . . Route ------- -11/Scrapyard -10/Materials (discovered 5 exits: [*Mat x3] / [*Min] / [*Sub]) -10/Mines (discovered 3 exits: [*Mat x2] / *Exi) -10/Exiles -9/Mines (discovered 2 exits: *Mat x2) -8/Materials (discovered 3 exits: *Fac x2 / Gar) -8/Garrison (discovered 3 exits: *Mat x3) -8/Materials (discovered 2 exits: *Fac / Gar) -8/Garrison -7/Factory (discovered 9 exits: *Fac x4 / *Sto x2 / *Low x2 / Gar) -7/Garrison -6/Factory (discovered 6 exits: *Fac x3 / *Low x2 / Gar) -6/Garrison (discovered 3 exits: *Fac x3) -6/Factory (discovered 2 exits: *Fac / Gar) -6/Garrison (discovered 3 exits: *Fac x3) -5/Factory -5/Garrison (discovered 3 exits: *Fac x3) -4/Factory (discovered 4 exits: *Res / *Upp / Ext x2) -4/Waste -4/Factory (discovered 6 exits: *Res / *Upp x2 / Ext x2 / Arm) -3/Research (discovered 2 exits: *Qua x2) -3/Quarantine -2/Research (discovered 3 exits: *Acc x3) -1/Access To Epsilon Eridani History --------- Turn | Location | Event 1 | -11/Scrapyard | Discovered new exit (range 3) 110 | -11/Scrapyard | Entered Materials 320 | -10/Materials | Build established: Mutant 373 | -10/Materials | Discovered new exit (range 6) 440 | -10/Materials | Central database locked down 575 | -10/Materials | Discovered new exit (range 15) 680 | -10/Materials | Discovered new exit (range 6) 910 | -10/Materials | Derelicts attacked the area 1379 | -10/Materials | Discovered new exit (range 8) 1514 | -10/Materials | Learned 4 Recycling zone layouts 1558 | -10/Materials | Learned location of Mines (-10) 1593 | -10/Materials | Learned 2 Storage zone layouts 1639 | -10/Materials | Discovered new exit (range 11) 1697 | -10/Materials | Learned 4 Recycling zone layouts 2300 | -10/Materials | Entered Mines 2339 | -10/Mines | Learned Materials terminal intel 2428 | -10/Mines | Deemed a non-threat by the Exiles lab entrance 2545 | -10/Mines | Assisted by bots powering up and referring to "LRC-V3" 3037 | -10/Mines | Discovered new exit (range 5) 3054 | -10/Mines | Discovered new exit (range 6) 3058 | -10/Mines | Received a Rocket Launcher from a helpful Derelict 3474 | -10/Mines | Discovered new exit (range 5) 3484 | -10/Mines | Entered Exiles 3484 | -10/Exiles | Accompanied by 2 allies 3540 | -10/Exiles | Met 8R-AWN 3587 | -10/Exiles | Met EX-HEX 3746 | -10/Exiles | Met EX-DEC 3787 | -10/Exiles | Visited The Gauntlet 4187 | -10/Exiles | Met EX-BIN 4226 | -10/Exiles | Aligned with FarCom system 4228 | -10/Exiles | Given EX-Vault access code 4286 | -10/Exiles | Opened EX-Vault 4372 | -10/Exiles | Warned to stay clear of 0b10 Research branches 4542 | -10/Exiles | Discovered new exit (range 14) 4760 | -10/Exiles | Found Firepult 4986 | -10/Exiles | Left Exiles lab with Firepult 4986 | -10/Exiles | Entered Mines 4986 | -9/Mines | Accompanied by 2 allies 5060 | -9/Mines | Met a Derelict bent on vengeance 5116 | -9/Mines | Learned Materials emergency access door positions 5128 | -9/Mines | Learned location of Storage (-7) 5160 | -9/Mines | Received a Mining Laser from a helpful Derelict 5174 | -9/Mines | Discovered new exit (range 8) 5954 | -9/Mines | Discovered new exit (range 10) 5992 | -9/Mines | Entered Materials 5992 | -8/Materials | Accompanied by 2 allies 5992 | -8/Materials | Evolved 4 slots: Utility x4 5994 | -8/Materials | Loaded intel: 10 terminal locations 6400 | -8/Materials | Discovered new exit (range 15) 6679 | -8/Materials | Repaired Hrd. Light Armor Plating 6783 | -8/Materials | Destroyed 7 combat bots 7254 | -8/Materials | Repaired Hrd. Light Armor Plating 7294 | -8/Materials | Repaired Reflective Plating 7750 | -8/Materials | Discovered new exit (range 5) 8208 | -8/Materials | Identified exit to Garrison 8208 | -8/Materials | Entered Garrison 8272 | -8/Garrison | Triggered checkpoint 8402 | -8/Garrison | Triggered checkpoint 8693 | -8/Garrison | Discovered new exit (range 10) 8841 | -8/Garrison | Triggered checkpoint 9030 | -8/Garrison | Spotted B-75 Beast 9032 | -8/Garrison | Spotted B-75 Beast 9133 | -8/Garrison | Discovered new exit (range 9) 9270 | -8/Garrison | Triggered checkpoint 9610 | -8/Garrison | Triggered checkpoint 9685 | -8/Garrison | Discovered new exit (range 9) 9748 | -8/Garrison | Triggered checkpoint 9823 | -8/Garrison | Installed Relay Interface Framework 9903 | -8/Garrison | Expanded RIF knowledge: Signal Jamming 10005 | -8/Garrison | Entered Materials 10089 | -8/Materials | Repaired Imp. Medium Armor Plating? 10563 | -8/Materials | Discovered new exit (range 3) 11152 | -8/Materials | Identified exit to Garrison 11152 | -8/Materials | Entered Garrison 11174 | -8/Garrison | Triggered checkpoint 11309 | -8/Garrison | Found Hvy. Reactive Plating 11390 | -8/Garrison | Destroyed 7 combat bots 11462 | -8/Garrison | Triggered checkpoint 11469 | -8/Garrison | Core integrity fell below 50% 11568 | -8/Garrison | Triggered checkpoint 11599 | -8/Garrison | Discovered new exit (range 15) 11633 | -8/Garrison | Expanded RIF knowledge: Hotswap 11702 | -8/Garrison | Garrison Relay disabled 11850 | -8/Garrison | Entered Factory 11850 | -7/Factory | Evolved 2 slots: Utility x2 11851 | -7/Factory | Identified exit to Storage 11964 | -7/Factory | Garrison activated, responded to threat 11974 | -7/Factory | Discovered new exit (range 5) 12162 | -7/Factory | Build established: Hacker-Mutant 12212 | -7/Factory | Discovered new exit (range 15) 12234 | -7/Factory | Garrison activated, responded to threat 12330 | -7/Factory | Allied Derelicts emerged from ambush trap array 12394 | -7/Factory | Discovered new exit (range 10) 12690 | -7/Factory | Identified exit to Lower Caves 12744 | -7/Factory | Garrison activated, responded to threat 12775 | -7/Factory | Fabricated Imp. Hacking Suite (x1) 12863 | -7/Factory | Fabricated Stasis Canceller (x2) 12922 | -7/Factory | Build established: Wizard-Mutant 12945 | -7/Factory | Fabricated Cld. VTOL Module (x1) 13021 | -7/Factory | Identified exit to Factory 13045 | -7/Factory | Learned 4 Extension zone layouts 13101 | -7/Factory | Learned location of 1 exit from Hub_04(d) 13102 | -7/Factory | Repaired Lgt. Nuclear Core 13147 | -7/Factory | Learned location of 1 exit from Hub_04(d) 13182 | -7/Factory | Identified exit to Garrison 13213 | -7/Factory | Learned Extension security intel 13231 | -7/Factory | Learned 2 Lower Caves zone layouts 13260 | -7/Factory | Learned location of Zion (-6) 13299 | -7/Factory | Learned Extension emergency access door positions 13307 | -7/Factory | Entered Garrison 13349 | -7/Garrison | Triggered checkpoint 13353 | -7/Garrison | Triggered checkpoint 13364 | -7/Garrison | Discovered exit to Factory (range 10) 13368 | -7/Garrison | Entered Factory 13368 | -6/Factory | Evolved 2 slots: Propulsion x1, Utility x1 13396 | -6/Factory | Identified exit to DSF 13442 | -6/Factory | Fabricated Cld. VTOL Module (x1) 13512 | -6/Factory | Discovered new exit (range 9) 13515 | -6/Factory | Discovered new exit (range 16) 13668 | -6/Factory | Identified exit to Lower Caves 13668 | -6/Factory | Central database locked down 13681 | -6/Factory | Build established: Wizard-Sprinter 13751 | -6/Factory | Repaired Imp. Flight Unit 13788 | -6/Factory | Learned 2 Lower Caves zone layouts 13813 | -6/Factory | Learned location of 1 exit from Extension 13825 | -6/Factory | Discovered new exit (range 15) 13830 | -6/Factory | Learned location of 1 exit from Cetus 13838 | -6/Factory | Learned Extension interactive machine intel 13878 | -6/Factory | Learned 2 Extension zone layouts 13883 | -6/Factory | Discovered new exit (range 3) 14098 | -6/Factory | Cargo convoy interrupted 14177 | -6/Factory | Identified exit to Garrison 14177 | -6/Factory | Entered Garrison 14265 | -6/Garrison | Expanded RIF knowledge: Autooverride 14286 | -6/Garrison | Garrison Relay disabled 14310 | -6/Garrison | Spotted B-75 Beast 14315 | -6/Garrison | Triggered checkpoint 14317 | -6/Garrison | Triggered checkpoint 14336 | -6/Garrison | Discovered new exit (range 11) 14338 | -6/Garrison | Discovered new exit (range 72) 14338 | -6/Garrison | Discovered new exit (range 11) 14338 | -6/Garrison | Discovered new exit (range 104) 14338 | -6/Garrison | Learned Factory security intel 14341 | -6/Garrison | Entered Factory 14369 | -6/Factory | Lost 4 parts (1p1u2w) 14435 | -6/Factory | Repaired Imp. Flight Unit 14453 | -6/Factory | Repaired Stasis Canceller 14674 | -6/Factory | Allied Derelicts emerged from ambush trap array 14678 | -6/Factory | Discovered new exit (range 15) 14687 | -6/Factory | Found Prototype Launcher 14687 | -6/Factory | Identified Rocket Array 14836 | -6/Factory | Allied Derelicts emerged from ambush trap array 14842 | -6/Factory | Found Prototype Processor 14842 | -6/Factory | Identified Exp. Targeting Computer 14950 | -6/Factory | Identified exit to Garrison 15035 | -6/Factory | Fabricated A-27 Freighter? 15072 | -6/Factory | Entered Garrison 15072 | -6/Garrison | Accompanied by 4 allies 15094 | -6/Garrison | Discovered new exit (range 63) 15094 | -6/Garrison | Discovered new exit (range 68) 15094 | -6/Garrison | Discovered new exit (range 47) 15094 | -6/Garrison | Learned Factory security intel 15108 | -6/Garrison | Triggered checkpoint 15262 | -6/Garrison | Lost 3 allies 15603 | -6/Garrison | Expanded RIF knowledge: Autooverride 15626 | -6/Garrison | Triggered checkpoint 15681 | -6/Garrison | Entered Factory 15681 | -5/Factory | Evolved 2 slots: Utility x2 15801 | -5/Factory | Repaired Cld. VTOL Module 15944 | -5/Factory | Fabricated A-27 Freighter (x1) 16029 | -5/Factory | Identified exit to Garrison 16052 | -5/Factory | Entered Garrison 16052 | -5/Garrison | Accompanied by 2 allies 16069 | -5/Garrison | Triggered checkpoint 16098 | -5/Garrison | Triggered checkpoint 16146 | -5/Garrison | Assimilated ARC 6a with formatsys_deep 16175 | -5/Garrison | Spotted B-75 Beast 16191 | -5/Garrison | Discovered new exit (range 10) 16218 | -5/Garrison | Spotted B-75 Beast 16240 | -5/Garrison | Triggered checkpoint 16382 | -5/Garrison | Triggered checkpoint 16398 | -5/Garrison | Discovered new exit (range 34) 16398 | -5/Garrison | Discovered new exit (range 36) 16398 | -5/Garrison | Discovered new exit (range 45) 16404 | -5/Garrison | Triggered checkpoint 16407 | -5/Garrison | Lost 3 allies 16411 | -5/Garrison | Entered Factory 16411 | -4/Factory | Evolved 2 slots: Propulsion x1, Utility x1 16412 | -4/Factory | Identified exit to Extension 16435 | -4/Factory | Lost 5 parts (4u1w) 16444 | -4/Factory | Discovered new exit (range 15) 16446 | -4/Factory | Discovered new exit (range 9) 16510 | -4/Factory | Repaired Mic. Fission Core 16536 | -4/Factory | Hacking Suite fried by hacking feedback 16689 | -4/Factory | Fabricated Adv. Hacking Suite? 16705 | -4/Factory | Build established: Hacker-Sprinter 16771 | -4/Factory | Sucked down chute 16771 | -4/Factory | Entered Waste 16772 | -4/Waste | Joined by Warlord forces that had cleared the area 16775 | -4/Waste | Found Prototype Device 16775 | -4/Waste | Identified Imp. Particle Accelerator 16853 | -4/Waste | Discovered new exit (range 16) 17012 | -4/Waste | Entered Factory 17012 | -4/Factory | Accompanied by 20 allies 17064 | -4/Factory | Spotted B-86 Titan 17118 | -4/Factory | Identified exit to Upper Caves 17118 | -4/Factory | Identified exit to Armory 17119 | -4/Factory | Lost 6 allies 17177 | -4/Factory | Central database locked down 17296 | -4/Factory | Discovered new exit (range 14) 17332 | -4/Factory | Lost 3 allies 17441 | -4/Factory | Entered Research 17441 | -3/Research | Evolved 2 slots: Utility x2 17463 | -3/Research | Found Prototype Processor 17463 | -3/Research | Identified Exp. Signal Interpreter 17474 | -3/Research | Identified exit to Quarantine 17597 | -3/Research | Entered Quarantine 17598 | -3/Quarantine | Maximum security lockdown engaged 17612 | -3/Quarantine | Spotted Alpha 7 17620 | -3/Quarantine | Found Alien Artifact 17620 | -3/Quarantine | Identified Dimensional Node Initializer 17620 | -3/Quarantine | Initialized slip node 17622 | -3/Quarantine | Found Dimensional Node Initializer 17622 | -3/Quarantine | Initialized slip node 17624 | -3/Quarantine | Found Dimensional Node Initializer 17624 | -3/Quarantine | Initialized slip node 17627 | -3/Quarantine | Found Alien Artifact 17627 | -3/Quarantine | Identified Hpw. Transdimensional Reconstructor 17627 | -3/Quarantine | Warped through subspace to slip node 17632 | -3/Quarantine | Found Hpw. Transdimensional Reconstructor 17632 | -3/Quarantine | Warped through subspace to slip node 17635 | -3/Quarantine | Found Hpw. Transdimensional Reconstructor 17635 | -3/Quarantine | Warped through subspace to slip node 17638 | -3/Quarantine | Found Alien Artifact 17638 | -3/Quarantine | Identified Transdimensional Reconstructor 17638 | -3/Quarantine | Warped through subspace to slip node 17671 | -3/Quarantine | Found Alien Reactor 17671 | -3/Quarantine | Identified Matter Drive 17689 | -3/Quarantine | Found Alien Artifact 17691 | -3/Quarantine | Identified Subatomic Replicator 17691 | -3/Quarantine | Used Subatomic Replicator to replicate Firepult 17734 | -3/Quarantine | Lost 3 parts (2u1w) 17742 | -3/Quarantine | Discovered new exit (range 8) 17744 | -3/Quarantine | Identified exit to Research 17746 | -3/Quarantine | Entered Research 17746 | -2/Research | Evolved 2 slots: Utility x2 17806 | -2/Research | Lost 10 parts (1p4n4u1w) 17807 | -2/Research | Spotted B-90 Cyclops 17823 | -2/Research | Core integrity fell below 50% 17845 | -2/Research | Identified exit to Access 17855 | -2/Research | Core integrity fell below 20% 17855 | -2/Research | Entered Access 17855 | -1/Access | Evolved 2 slots: Utility x2 17912 | -1/Access | Found Prototype Device 17912 | -1/Access | Identified Adv. EM Shield 17937 | -1/Access | Energy Cycler disabled 18081 | -1/Access | Lost 3 parts (1p2u) 18083 | -1/Access | Discovered new exit (range 6) 18085 | -1/Access | Identified exit to Surface 18158 | *** | Escaped! Last Messages --------------- 18134_ Wall collapses. 18134_ H-88 Terminator heat damages core (-30). 18136_ Penetrated by Slug. 18137_ Melted KE Penetrator. 18137_ Melted Biometal Leg. 18138_ H-88 Terminator heat damages core (-23). 18138_ H-88 Terminator critical meltdown. 18138_ Lgt. Quantum Reactor melted. 18143_ W-44 Eye distress signal jammed. 18147_ Cld. Impulse Thruster destroyed. 18148_ System corrupted: Heat flow error (+154). 18148_ W-44 Eye distress signal jammed. 18151_ Slug penetrates Sealed Heavy Doors. 18152_ H-88 Terminator heat damages core (-15). 18152_ Penetrated by Slug. 18154_ Slug penetrates Sealed Heavy Doors. 18156_ H-88 Terminator heat spikes uncontrollably. 18157_ H-88 Terminator heat damages Biometal Leg. 18157_ H-88 Terminator heat spikes uncontrollably. 18157_ Penetrated by Slug. Map ----- +----------------------------------------------------+ | ?????????????????? # | | ????????????????? ! ?# ################# | | ????????????????##########??## ##???????????????? | | ????????????????# ??# #????????????????? | | ????????????????# # #????????????????? | | ????????????????# + #????????????????? | | ????????????????? """"" # #????????????????? | | ???????????????????????""""??# #???######???????? | | ???????????????????????""????# ##### #???????? | | ?????????????????????????????# " #???????? | | ?????????????????????????????# #???????? | | ?????????????????????????????######## #???????? | | ????????????????????????????????????## ##???????? | | ?????????????????????????????????????# #????????? | | ?????????????????????????????????????# #????????? | | ?????????????????????????????????????# #????????? | | ?????????????????????????????????????#w #????????? | | ?????????????????????????????????????# #????????? | | ?????????????????????????????????????# #????????? | | ?????????????????????????????###?????# #????????? | | ????????????????????########## ###### % #????????? | | ????????????????????" h %#????????? | | ??????????????BB????" %h =#????????? | | ??????????????BB????" =#????????? | | ????????????????????" #????????? | | ????????????????????" "@ #????????? | | ????????????????????" "" #????????? | | ????????????????????" R#????????? | | ??????????????BB????" #????????? | | ??????????????BB????" """ """ #????????? | | ????????????????????" """T""" #????????? | | ????????????????????########## ####### #????????? | | ?????????????????????????????###?????? #????????? | | ?????????????????????????????????????? #????????? | | ?????????????????????????????????????? #????????? | | ?????????????????????????????????????? #????????? | | ?????????????????????????????????????? #????????? | | ??????????????????????????????????????? #????????? | | ?????????????????????????????????????????????????? | | ?????????????????????????????????????????????????? | | ?????????????????????????????????????????????????? | | ??????????????????????????????????????o??????????? | | ?????????????????????????????????????????????????? | | ?????????????????????????????????????????????????? | | ?????????????????????????????????????????????????? | | ?????????????????????????????????????????????????? | | ?????????????????????????????????????????????????? | | ?????????????????????????????????????????????????? | | ?????????????????????????????????????????????????? | | ?????????????????????????????????????????????????? | +----------------------------------------------------+ Best States ------------- Heat Dissipation 88 Energy Generation 18 Energy Capacity 265 Matter Stores 300 Matter Capacity 300 Sight Range 22 Terrain Scan Density 10 ECM Strength 1 Cloak Strength 2 Additional Mass Support 9 Armor Coverage 750 Resistance: TH 10 Core Shielding 20 Evasion (%) 64 Recoil Reduction 2 Offensive Hacking 72 Defensive Hacking 22 Relay Coupler Types 2 Relay Coupler Value 84 Authchip Count 2 Item Schematics ----------------- Imp. Hacking Suite | -7/Factory | Hacked Cld. VTOL Module | -7/Factory | Hacked Stasis Canceller | -7/Factory | Hacked Adv. Hacking Suite | -6/Factory | Hacked Exp. Propulsion Shielding | -4/Factory | Hacked Robot Schematics ------------------ A-15 Conveyor | -6/Factory | Hacked A-27 Freighter | -6/Factory | Hacked Fabricated ------------ Imp. Hacking Suite | x1 | -7/Factory | Authchip Stasis Canceller | x2 | -7/Factory | Authchip Cld. VTOL Module | x1 | -7/Factory Cld. VTOL Module | x1 | -6/Factory A-27 Freighter | x1 | -6/Factory | Authchip A-27 Freighter | x1 | -5/Factory | Authchip Adv. Hacking Suite | x1 | -4/Factory Repaired ---------- Hrd. Light Armor Plating | 26% | -8/Materials Hrd. Light Armor Plating | 22% | -8/Materials Reflective Plating | 22% | -8/Materials Imp. Medium Armor Plating | 16% | -8/Materials Lgt. Nuclear Core | 26% | -7/Factory Imp. Flight Unit | 30% | -6/Factory Imp. Flight Unit | 5% | -6/Factory Stasis Canceller | 36% | -6/Factory Cld. VTOL Module | 48% | -5/Factory Mic. Fission Core | 28% | -4/Factory Alien Tech Used ----------------- Dimensional Node Initializer High-powered Transdimensional Reconstructor Transdimensional Reconstructor Matter Drive Subatomic Replicator Achievements -------------- None Challenges ------------ None Game ------ Seed FieldBombardmentGuard Manual? 0 Play Time 03:27:41 Cumulative 443.1 hours Start 2025.05.31 @ 21:40:04 End 2025.06.08 @ 20:12:13 Sessions 6 Manual Loads 0 Difficulty Rogue Special Mode None Game No. 210 Rogue 210 Adventurer 0 Explorer 0 Win Type 0 Total 19 Types 5/3/6/2/1/0/1/0/0/1 Lore% 88 Gallery% 83 Achievement% 78 Wizard Run 0 Options --------- Layout 0 ASCII 0 Keyboard 0 Movement Arrows Keybinds 0 Fullscreen 2 Font 18/SmallcapsGlow Map View 76x50 Zoom Use 0% Tactical HUD 1 Map Filters NONE Filters NONE Steam X RUN: 8c9a74ae-51bd-4323-91e2-3eb07499123b